Map: King Sejong Station LE

Players

Plokoon

  • Race: Terran Terran
  • League: Master

A.I. 1 (Very Easy) - Winner!

  • Race: Terran Terran

VOD

Have the link to the VOD?

Description

Time

  • Played on: July 27, 2016, 5:36 a.m.
  • Length: 7:07
Show
View Real Time Build Order
Export as new Build Order

Plokoon Terran 

Build Orders: Hellion Opening, Reaper Expand 

Get SALT Encoding   

  12  0:01  SCV  
  13  0:13  SCV  
  14  0:17  Supply Depot  
  14  0:25  SCV  
  14  0:28  Refinery  
  15  0:38  SCV  
  16  0:45  Barracks  
  16  0:50  SCV  
  17  1:03  SCV  
  18  1:15  SCV  
  19  1:32  Orbital Command  
  19  1:33  Reaper  
  20  1:44  Command Center  
  20  1:54  Factory  
  20  1:59  SCV  
  21  2:06  Barracks Reactor  
  21  2:11  SCV  
  21  2:15  Supply Depot  
  22  2:20  Refinery  
  22  2:23  SCV  
  23  2:36  SCV  
  24  2:44  Starport  
  24  2:51  Hellion x2  
  28  2:52  SCV  
  28  2:56  Orbital Command  
  29  3:04  SCV  
  30  3:12  Hellion x2  
  34  3:16  SCV  
  35  3:20  Viking  
  35  3:22  SCV  
  35  3:25  Barracks Tech Lab  
  38  3:28  Supply Depot  
  38  3:30  SCV  
  39  3:37  SCV  
  39  3:38  Hellion  
  39  3:40  Hellion  
  44  3:43  SCV  
  45  3:49  SCV  
  45  3:55  SCV  
  46  3:57  Raven  
  46  4:00  Supply Depot  
  46  4:01  SCV  
  49  4:02  Refinery  
  49  4:03  Refinery  
  49  4:07  SCV  
  49  4:09  Hellion x2  
  54  4:15  Supply Depot  
  54  4:21  SCV  
  54  4:22  SCV  
  56  4:33  SCV  
  56  4:34  SCV  
  58  4:45  Factory  
  58  4:46  Barracks Reactor, SCV  
  58  4:48  SCV  
  58  4:52  Viking x2  
  62  4:54  Siege Tank  
  62  4:58  Supply Depot, SCV  
  68  5:00  SCV  
  68  5:02  Supply Depot  
  69  5:10  SCV  
  70  5:20  SCV  
  70  5:21  Supply Depot  
  71  5:22  Viking x2  
  71  5:26  SCV, Siege Tank  
  79  5:31  Supply Depot  
  79  5:34  SCV  
  79  5:35  Liberator x2  
  80  5:39  Hellion x2  
  80  5:42  SCV  
  85  5:50  Supply Depot, SCV  
  85  5:54  Armory  
  85  5:55  SCV  
  93  6:02  SCV  
  94  6:04  Supply Depot  
  94  6:05  Siege Tank  
  94  6:07  Hellion  
  94  6:10  Hellion  
  101  6:12  Supply Depot  
  101  6:18  SCV  
  102  6:29  Hellion  
  102  6:32  SCV  
  105  6:33  SCV  
  112  6:44  SCV  
  112  6:46  Hellion  
  118  6:54  SCV  
  121  6:59  Command Center  
  121  7:00  Supply Depot  
Show
View Real Time Build Order
Export as new Build Order

A.I. 1 (Very Easy) Terran - Winner!

Build Orders:  

Get SALT Encoding   

  12  0:00  SCV  
  13  0:13  SCV  
  14  0:18  Supply Depot  
  14  0:37  Refinery  
  14  0:41  Barracks  
  14  1:04  Supply Depot  
  14  1:12  Refinery  
  14  1:29  Marine, SCV  
  16  1:41  SCV  
  17  1:53  SCV  
  18  2:05  SCV  
  18  2:06  Marine  
  20  2:17  SCV  
  21  2:29  SCV  
  22  2:41  Orbital Command  
  22  2:42  Marine  
  22  4:17  SCV  
  23  5:39  SCV  
  23  6:04  SCV  
  24  6:05  Marine  
  24  6:06  Supply Depot  
  24  6:09  Factory  
  25  6:13  Command Center  
  25  6:16  SCV  
  22  6:28  SCV  
  22  6:32  Supply Depot  
  23  6:38  Barracks Tech Lab  
  23  6:40  SCV  
  23  6:52  SCV  
  24  6:55  Starport  
Tags
 
Add a new tag
Caveats
  • Supply blocks, unpowered buildings, or Contaminate may cause inaccurate times.
  • Supply counts are checked every 10 seconds.